[Event "Régional Jeunes Occitanie 2024"]
[Site "L'Isle Jourdain, France"]
[Date "2024.02.24"]
[Round "7.7"]
[White "MARTINEZ, Julien"]
[Black "BAUER, Pierre"]
[Result "0-1"]
[TimeControl "1h30 + 30s/cps"]
[WhiteElo "1556"]
[BlackElo "1765"]

1. d4 Nf6 2. Bf4 g6 3. e3 d6 4.
Nf3 Nh5 5. Bg5 Bg7 6. Be2 c5 7. c3 Nd7 8. O-O h6 9. Bh4 g5 10. Nfd2 Nhf6 11. Bg3 Rb8 12. Na3 b6 13. Bf3 O-O 14. Nac4 Ba6 15. Re1 Qc7 16. a4 Bxc4 17. Nxc4 cxd4 18. Na3 dxe3 19. Rxe3 Nc5 20. Nb5 Qd7 21. Qe2 g4 22.
Bxg4 Qxg4 23. f3 Qg6 24. Rxe7 a6 25. Nxd6 Nh5 26. Ne4 Nxe4 27. Bxb8 Nxc3 28. bxc3 Rxb8 29. Qd2 Bf6 30. Re4 Kh7 31. Rg4 Qf5 32. Rc4 Rd8 33. Qa2 Be5 34. Re1 Qg5 35. Rg4 Qf6 36. Qb1+ Kh8 37.
c4 Nf4 38. Re4 Qd6 39. Re1 Nd3 40. Rd1 Qc5+ 0-1

[Event "Régional Jeunes Occitanie 2024"]
[Site "L'Isle Jourdain, France"]
[Date "2024.02.24"]
[Round "7.5"]
[White "LAVAL, Nolan"]
[Black "ABELA, Ronan"]
[Result "1-0"]
[TimeControl "1h30 + 30s/cps"]
[WhiteElo "1454"]
[BlackElo "1295"]

1. e4 c6 2. d4 d5 3. Nc3 dxe4 4. Nxe4 Nf6 5. Nxf6+ exf6 6. c3 Bd6 7. Bd3 O-O 8. Ne2 Re8 9. O-O Qc7 10. Ng3 Be6 11. Qc2 h6 12. Bd2 Nd7 13. Rfe1 Rab8 14. c4 Nf8 15. b3 Bd7 16. Bc3 Ne6 17. Rad1 Nf4 18. Be4 b5 19. c5 Bf8 20. Qd2 Be6 21. Ba5 Qb7 22. Qxf4 b4 23. Qc7 Qa6 24. Bd3 Qc8 25. Qxc8 Rexc8 26. Ba6 Re8 27. Bc7 Rbd8 28. Bxd8 Rxd8 29. Bc4 Bxc4 30. bxc4 a5 31. Nf1 g6 32. h3 Bg7 33. Nh2 f5 34.
Nf3 a4 35. Re7 Ra8 36. Ne5 b3 37.
axb3 axb3 38. Rb7 Rd8 39. Nxc6 1-0